ESL (28 & UNDER)
BUTLER WHITE SOX @ PENQUANNOCK OVERRATED JETER
09/14/2027
 
TOP OF THE 1ST
Butler White Sox batting - Pitching for Penquannock Overrated Jeter : LHP Héctor Díaz
Pitching: LHP Héctor Díaz
Batting: RHB Luis Fuentes 0-0: Foul Ball, location: 2F
0-1: Ball
1-1: Swinging Strike
1-2: Ground out 5-3 (Groundball, 56)
Batting: RHB Luis Ramos 0-0: Ball
1-0: SOLO HOME RUN (Flyball, 9LD), Distance : 334 ft
Batting: RHB Ken Longoria 0-0: Fly out, F8 (Flyball, 89D)
Batting: RHB Bobby Murdock 0-0: Foul Ball, location: 2F
0-1: Hit by Pitch
Batting: LHB Denny Allen 0-0: Ball
1-0: SINGLE (Groundball, 34D)
Bobby Murdock to second
Throwing error, E9
Bobby Murdock scores
Denny Allen to second
Batting: LHB Thomas Dixon 0-0: Called Strike
0-1: Ground out 4-3 (Groundball, 34)
Top of the 1st over - 2 run(s), 2 hit(s), 1 error(s), 1 left on base; Butler 2 - Penquannock 0
BOTTOM OF THE 1ST
Penquannock Overrated Jeter batting - Pitching for Butler White Sox : LHP Dexter Browning
Pitching: LHP Dexter Browning
Batting: SHB Tim Reid 0-0: Called Strike
0-1: Ball
1-1: Ball
2-1: Called Strike
2-2: Foul Ball, location: 2F
2-2: Ball
3-2: Foul Ball, location: 2F
3-2: SINGLE (Line Drive, 89S)
Batting: RHB Doug Brown 0-0: Ball
1-0: Ball
2-0: Called Strike
2-1: Ball
3-1: Base on Balls
Tim Reid to second
Batting: RHB Armando Pagán 0-0: SINGLE (Line Drive, 8LS)
Tim Reid to third
Doug Brown to second
Batting: LHB Pete Weber 0-0: Called Strike
0-1: Ball
1-1: Ball
2-1: Ball
3-1: Foul Ball, location: 2F
3-2: Strikes out swinging
Batting: LHB Tony Green 0-0: Ball
1-0: Ball
2-0: Called Strike
2-1: Foul Ball, location: 2F
2-2: Ball
3-2: Foul Ball, location: 2F
3-2: Base on Balls
Tim Reid scores
Doug Brown to third
Armando Pagán to second
Batting: RHB Manny Perea 0-0: Foul Ball, location: 2F
0-1: Foul Ball, location: 2F
0-2: Ball
1-2: SINGLE (Groundball, 5D)
Doug Brown scores
Armando Pagán to third
Tony Green to second
Runner from 3rd tries for Home, SAFE, no throw
Batting: LHB Matt Reese 0-0: Called Strike
0-1: Ball
1-1: Ball
2-1: Ball
3-1: Foul Ball, location: 2F
3-2: Ground out 4-3 (Groundball, 4MS)
Tony Green to third
Manny Perea to second
Batting: RHB Vincent Fields 0-0: Ball
1-0: Called Strike
1-1: Called Strike
1-2: Strikes out swinging
Bottom of the 1st over - 3 run(s), 3 hit(s), 0 error(s), 2 left on base; Butler 2 - Penquannock 3
TOP OF THE 2ND
Butler White Sox batting - Pitching for Penquannock Overrated Jeter : LHP Héctor Díaz
Batting: SHB Giel Molendijk 0-0: Called Strike
0-1: Foul Ball, location: 2F
0-2: Ground out 6-3 (Groundball, 6)
Batting: RHB José Darias 0-0: Ball
1-0: Ball
2-0: Called Strike
2-1: SINGLE (Groundball, 4MD)
Batting: RHB Steve Clifton 0-0: Ball
1-0: Foul Ball, location: 2F
1-1: Ball
2-1: Fly out, F1 (Line Drive, 15)
Batting: RHB Luis Fuentes 0-0: Ball
1-0: Swinging Strike
1-1: Ground out 5-3 (Groundball, 56)
Top of the 2nd over - 0 run(s), 1 hit(s), 0 error(s), 1 left on base; Butler 2 - Penquannock 3
BOTTOM OF THE 2ND
Penquannock Overrated Jeter batting - Pitching for Butler White Sox : LHP Dexter Browning
Batting: LHB Eric Powell 0-0: Called Strike
0-1: Swinging Strike
0-2: Ball
1-2: Ball
2-2: Strikes out swinging
Batting: SHB Tim Reid 0-0: Foul Ball, location: 2F
0-1: Ball
1-1: Ball
2-1: Swinging Strike
2-2: SINGLE (Line Drive, 5)
Batting: RHB Doug Brown 0-0: Foul Ball, location: 2F
0-1: Ball
1-1: Ball
2-1: Ground out 6-3 (Groundball, 6S)
Tim Reid to second
Batting: RHB Armando Pagán 0-0: Ball
1-0: Foul Ball, location: 2F
1-1: Foul Ball, location: 2F
1-2: Strikes out swinging
Bottom of the 2nd over - 0 run(s), 1 hit(s), 0 error(s), 1 left on base; Butler 2 - Penquannock 3
TOP OF THE 3RD
Butler White Sox batting - Pitching for Penquannock Overrated Jeter : LHP Héctor Díaz
Batting: RHB Luis Ramos 0-0: Ball
1-0: Swinging Strike
1-1: Ball
2-1: Foul Ball, location: 2F
2-2: Foul Ball, location: 2F
2-2: Ball
3-2: Strikes out swinging
Batting: RHB Ken Longoria 0-0: Ball
1-0: Ball
2-0: Ball
3-0: Base on Balls
Batting: RHB Bobby Murdock 0-0: Swinging Strike
0-1: Grounds into double play, 1-6-3 (Groundball, P)
Top of the 3rd over - 0 run(s), 0 hit(s), 0 error(s), 0 left on base; Butler 2 - Penquannock 3
BOTTOM OF THE 3RD
Penquannock Overrated Jeter batting - Pitching for Butler White Sox : LHP Dexter Browning
Batting: LHB Pete Weber 0-0: Ball
1-0: Ball
2-0: Swinging Strike
2-1: Called Strike
2-2: Ball
3-2: Foul Ball, location: 2F
3-2: Foul Ball, location: 2F
3-2: Base on Balls
Batting: LHB Tony Green 0-0: Foul Ball, location: 2F
0-1: Ball
1-1: Ball
2-1: Foul Ball, location: 2F
2-2: Ball
3-2: SINGLE (Line Drive, 4D)
Pete Weber to second
Runner from 2nd tries for 3rd, SAFE, throw made to third
Batting: RHB Manny Perea 0-0: Called Strike
0-1: Foul Ball, location: 2F
0-2: Ball
1-2: Ball
2-2: Strikes out swinging
Batting: LHB Matt Reese 0-0: Called Strike
0-1: SINGLE (Line Drive, 56)
Pete Weber scores
Tony Green to second
Batting: RHB Vincent Fields 0-0: Ball
1-0: Ball
2-0: SINGLE (Line Drive, 8RS)
Tony Green to third
Matt Reese to second
Runner from 3rd tries for Home, SAFE, throw made home
Matt Reese to third
Vincent Fields to second
Batting: LHB Eric Powell 0-0: Ground out U3 (Groundball, 3)
Batting: SHB Tim Reid 0-0: Ball
1-0: Foul Ball, location: 2F
1-1: Ball
2-1: Ball
3-1: Swinging Strike
3-2: Base on Balls
Batting: RHB Doug Brown 0-0: Ball
1-0: Ball
2-0: Ball
3-0: Called Strike
3-1: Base on Balls
Matt Reese scores
Vincent Fields to third
Tim Reid to second
Pitching: RHP Steve Newman
Batting: RHB Armando Pagán 0-0: Called Strike
0-1: Ball
1-1: SINGLE (Line Drive, 34D)
Vincent Fields scores
Tim Reid to third
Doug Brown to second
Runner from 3rd tries for Home, SAFE, no throw
Batting: LHB Pete Weber 0-0: Ball
1-0: Swinging Strike
1-1: Fly out, F7 (Flyball, 78D)
Bottom of the 3rd over - 5 run(s), 4 hit(s), 0 error(s), 2 left on base; Butler 2 - Penquannock 8
TOP OF THE 4TH
Butler White Sox batting - Pitching for Penquannock Overrated Jeter : LHP Héctor Díaz
Batting: LHB Denny Allen 0-0: Called Strike
0-1: Foul Ball, location: 2F
0-2: Strikes out swinging
Batting: LHB Thomas Dixon 0-0: Called Strike
0-1: Ball
1-1: Ground out 6-3 (Groundball, 6)
Batting: SHB Giel Molendijk 0-0: Fly out, F4 (Popup, 4)
Top of the 4th over - 0 run(s), 0 hit(s), 0 error(s), 0 left on base; Butler 2 - Penquannock 8
BOTTOM OF THE 4TH
Penquannock Overrated Jeter batting - Pitching for Butler White Sox : RHP Steve Newman
Batting: LHB Tony Green 0-0: Called Strike
0-1: Ball
1-1: Ball
2-1: Foul Ball, location: 2F
2-2: Ball
3-2: Fly out, F8 (Flyball, 78XD)
Batting: RHB Manny Perea 0-0: Ball
1-0: Called Strike
1-1: Foul Ball, location: 2F
1-2: Fly out, F7 (Line Drive, 7S)
Batting: LHB Matt Reese 0-0: Called Strike
0-1: Ball
1-1: Foul Ball, location: 2F
1-2: Strikes out looking
Bottom of the 4th over - 0 run(s), 0 hit(s), 0 error(s), 0 left on base; Butler 2 - Penquannock 8
TOP OF THE 5TH
Butler White Sox batting - Pitching for Penquannock Overrated Jeter : LHP Héctor Díaz
Batting: RHB José Darias 0-0: Ball
1-0: Fly out, F9 (Flyball, 89S)
Batting: RHB Steve Clifton 0-0: Foul Ball, location: 2F
0-1: Ground out 6-3 (Groundball, 6)
Batting: RHB Luis Fuentes 0-0: Ball
1-0: Foul Ball, location: 2F
1-1: Fly out, F4 (Line Drive, 4)
Top of the 5th over - 0 run(s), 0 hit(s), 0 error(s), 0 left on base; Butler 2 - Penquannock 8
BOTTOM OF THE 5TH
Penquannock Overrated Jeter batting - Pitching for Butler White Sox : RHP Steve Newman
Batting: RHB Vincent Fields 0-0: Called Strike
0-1: Called Strike
0-2: SINGLE (Groundball, 56D)
Batting: LHB Eric Powell 0-0: Ball
1-0: Ball
2-0: Ball
3-0: Called Strike
3-1: Called Strike
3-2: Foul Ball, location: 2F
3-2: Base on Balls
Vincent Fields to second
Batting: SHB Tim Reid 0-0: Ball
1-0: Ball
2-0: Ground out 5-3 (Groundball, 56S)
Vincent Fields to third
Eric Powell to second
Batting: RHB Doug Brown 0-0: Called Strike
0-1: Called Strike
0-2: Ball
1-2: Ball
2-2: Foul Ball, location: 2F
2-2: SINGLE (Groundball, 56D)
Vincent Fields scores
Eric Powell to third
Runner from 3rd tries for Home, SAFE, no throw
Batting: RHB Armando Pagán 0-0: Ball
1-0: Ball
2-0: Called Strike
2-1: Called Strike
2-2: Ball
3-2: SINGLE (Groundball, 6D)
Doug Brown to second
Pitching: RHP Manny Pérez
Batting: LHB Pete Weber 0-0: Foul Ball, location: 2F
0-1: Called Strike
0-2: Foul Ball, location: 2F
0-2: Ball
1-2: Strikes out swinging
Batting: LHB Tony Green 0-0: SINGLE (Line Drive, 78S)
Doug Brown to third
Armando Pagán to second
Batting: RHB Manny Perea 0-0: Called Strike
0-1: Ball
1-1: SINGLE (Line Drive, 5D)
Doug Brown scores
Armando Pagán to third
Tony Green to second
Batting: LHB Matt Reese 0-0: Called Strike
0-1: Ball
1-1: Ball
2-1: Ball
3-1: Base on Balls
Armando Pagán scores
Tony Green to third
Manny Perea to second
Batting: RHB Vincent Fields 0-0: Swinging Strike
0-1: Foul Ball, location: 2F
0-2: Strikes out looking
Bottom of the 5th over - 4 run(s), 5 hit(s), 0 error(s), 3 left on base; Butler 2 - Penquannock 12
TOP OF THE 6TH
Butler White Sox batting - Pitching for Penquannock Overrated Jeter : LHP Héctor Díaz
Batting: RHB Luis Ramos 0-0: Called Strike
0-1: Foul Ball, location: 2F
0-2: Foul Ball, location: 2F
0-2: Strikes out swinging
Batting: RHB Ken Longoria 0-0: Called Strike
0-1: Ball
1-1: Ball
2-1: Fly out, F7 (Flyball, 78XD)
Batting: RHB Bobby Murdock 0-0: Swinging Strike
0-1: Called Strike
0-2: Ball
1-2: Strikes out swinging
Top of the 6th over - 0 run(s), 0 hit(s), 0 error(s), 0 left on base; Butler 2 - Penquannock 12
BOTTOM OF THE 6TH
Penquannock Overrated Jeter batting - Pitching for Butler White Sox : RHP Manny Pérez
Batting: LHB Eric Powell 0-0: Ball
1-0: Ball
2-0: Ball
3-0: Called Strike
3-1: Swinging Strike
3-2: Foul Ball, location: 2F
3-2: Base on Balls
Batting: SHB Tim Reid 0-0: Called Strike
0-1: Ball
1-1: Foul Ball, location: 2F
1-2: Ball
2-2: Foul Ball, location: 2F
2-2: Ball
3-2: Base on Balls
Eric Powell to second
Batting: RHB Doug Brown 0-0: Called Strike
0-1: Foul Ball, location: 2F
0-2: Ball
1-2: Strikes out swinging
Batting: RHB Armando Pagán 0-0: Ball
1-0: Ball
2-0: Called Strike
2-1: Ball
3-1: Base on Balls
Eric Powell to third
Tim Reid to second
Batting: LHB Pete Weber 0-0: Ball
1-0: Called Strike
1-1: Fly out, F4 (Popup, 34D)
Batting: LHB Tony Green 0-0: Ball
1-0: Ball
2-0: Ball
3-0: Called Strike
3-1: Foul Ball, location: 2F
3-2: Base on Balls
Eric Powell scores
Tim Reid to third
Armando Pagán to second
Batting: RHB Manny Perea 0-0: Called Strike
0-1: Ground out 1-3 (Groundball, 13)
Bottom of the 6th over - 1 run(s), 0 hit(s), 0 error(s), 3 left on base; Butler 2 - Penquannock 13
TOP OF THE 7TH
Butler White Sox batting - Pitching for Penquannock Overrated Jeter : LHP Héctor Díaz
Batting: LHB Denny Allen 0-0: Ground out U3 (Groundball, 34)
Batting: LHB Thomas Dixon 0-0: Ball
1-0: Ball
2-0: Foul Ball, location: 2F
2-1: Fly out, F6 (Line Drive, 6)
Batting: SHB Giel Molendijk 0-0: Fly out, F8 (Flyball, 8LM)
Top of the 7th over - 0 run(s), 0 hit(s), 0 error(s), 0 left on base; Butler 2 - Penquannock 13
BOTTOM OF THE 7TH
Penquannock Overrated Jeter batting - Pitching for Butler White Sox : RHP Manny Pérez
Pitching: RHP Juan Silva
Batting: LHB Matt Reese 0-0: Called Strike
0-1: Fly out, F9 (Flyball, 9LDF)
Batting: RHB Vincent Fields 0-0: Called Strike
0-1: Swinging Strike
0-2: Ball
1-2: Ball
2-2: SINGLE (Line Drive, 34D)
Batting: LHB Eric Powell 0-0: Ball
1-0: Swinging Strike
1-1: Ball
2-1: Foul Ball, location: 2F
2-2: Ball
Vincent Fields steals 2nd base
3-2: Base on Balls
Batting: SHB Tim Reid 0-0: Foul Ball, location: 2F
0-1: Ball
1-1: Foul Ball, location: 2F
1-2: Foul Ball, location: 2F
1-2: Ball
2-2: Ball
3-2: Foul Ball, location: 2F
3-2: Foul Ball, location: 2F
3-2: Base on Balls
Vincent Fields to third
Eric Powell to second
Batting: RHB Doug Brown 0-0: Ball
1-0: Foul Ball, location: 2F
1-1: Foul Ball, location: 2F
1-2: Foul Ball, location: 2F
1-2: Ball
2-2: Ball
3-2: Base on Balls
Vincent Fields scores
Eric Powell to third
Tim Reid to second
Batting: RHB Armando Pagán 0-0: Ball
1-0: Called Strike
1-1: Swinging Strike
1-2: Ball
2-2: Ball
3-2: Base on Balls
Eric Powell scores
Tim Reid to third
Doug Brown to second
Batting: LHB Pete Weber 0-0: Fly out, F8 (Flyball, 8RS)
Runner from 3rd tags up, SCORES, no throw
Pitching: RHP Bartho Manshert
Batting: LHB Tony Green 0-0: Ball
1-0: Ball
2-0: Ball
3-0: Called Strike
3-1: Base on Balls
Doug Brown to third
Armando Pagán to second
Batting: RHB Manny Perea 0-0: Ball
1-0: Ball
2-0: SINGLE (Groundball, 6MD)
Doug Brown scores
Armando Pagán to third
Tony Green to second
Runner from 3rd tries for Home, SAFE, no throw
Batting: LHB Matt Reese 0-0: Ball
1-0: Swinging Strike
1-1: Swinging Strike
1-2: Ball
2-2: Ball
3-2: Base on Balls
Tony Green to third
Manny Perea to second
Batting: RHB Vincent Fields 0-0: Ball
1-0: Swinging Strike
Error on foul ball, E2
1-2: Fly out, F9 (Flyball, 89S)
Bottom of the 7th over - 5 run(s), 2 hit(s), 1 error(s), 3 left on base; Butler 2 - Penquannock 18
TOP OF THE 8TH
Butler White Sox batting - Pitching for Penquannock Overrated Jeter : LHP Héctor Díaz
Pinch Hitting: RHB Tom Lang 0-0: Called Strike
0-1: Foul Ball, location: 2F
0-2: Strikes out swinging
Pitching: RHP John Kelly
Batting: RHB Steve Clifton 0-0: SINGLE (Groundball, 34S) (infield hit)
Batting: RHB Luis Fuentes 0-0: Ball
1-0: Foul Ball, location: 2F
1-1: Ball
2-1: SINGLE (Groundball, 3D)
Steve Clifton to second
Runner from 2nd tries for 3rd, SAFE, throw made to third
Batting: RHB Luis Ramos 0-0: Ball
1-0: Ball
2-0: Called Strike
2-1: Ball
3-1: Base on Balls
Luis Fuentes to second
Batting: RHB Ken Longoria 0-0: Ball
1-0: SINGLE (Line Drive, 9S)
Steve Clifton scores
Luis Fuentes to third
Luis Ramos to second
Runner from 3rd tries for Home, throw and OUT!
Luis Ramos to third
Ken Longoria to second
Batting: RHB Bobby Murdock 0-0: Called Strike
0-1: Called Strike
0-2: Strikes out swinging
Top of the 8th over - 1 run(s), 3 hit(s), 0 error(s), 2 left on base; Butler 3 - Penquannock 18
BOTTOM OF THE 8TH
Penquannock Overrated Jeter batting - Pitching for Butler White Sox : RHP Bartho Manshert
Now in CF: Josh Pérez
Batting: LHB Eric Powell 0-0: Ball
1-0: Ball
2-0: Foul Ball, location: 2F
2-1: Ball
3-1: Base on Balls
Batting: SHB Tim Reid 0-0: Called Strike
0-1: Ball
1-1: Foul Ball, location: 2F
1-2: Foul Ball, location: 2F
1-2: Strikes out swinging
Batting: RHB Doug Brown 0-0: Called Strike
0-1: DOUBLE (Line Drive, 7LM)
Eric Powell to third
Batting: RHB Armando Pagán 0-0: SINGLE (Line Drive, 78S)
Eric Powell scores
Doug Brown to third
Batting: LHB Pete Weber 0-0: DOUBLE (Groundball, 5L)
Doug Brown scores
Armando Pagán to third
Runner from 3rd tries for Home, SAFE, no throw
Pitching: RHP Eric Wilson
Batting: LHB Tony Green 0-0: Ball
1-0: SINGLE (Flyball, 8LS)
Pete Weber to third
Batting: RHB Manny Perea 0-0: Ball
1-0: Called Strike
1-1: Fly out, F7 (Flyball, 78D)
Runner from 3rd tags up, SCORES, no throw
Batting: LHB Matt Reese 0-0: Called Strike
0-1: Ball
1-1: Ball
2-1: Ball
3-1: Base on Balls
Tony Green to second
Batting: RHB Vincent Fields 0-0: Foul Ball, location: 2F
0-1: Called Strike
0-2: Strikes out looking
Bottom of the 8th over - 4 run(s), 4 hit(s), 0 error(s), 2 left on base; Butler 3 - Penquannock 22
TOP OF THE 9TH
Butler White Sox batting - Pitching for Penquannock Overrated Jeter : RHP John Kelly
Batting: LHB Denny Allen 0-0: SINGLE (Flyball, 78S)
Batting: LHB Thomas Dixon 0-0: Called Strike
0-1: Ball
1-1: Ball
2-1: Foul Ball, location: 2F
2-2: Ball
3-2: SINGLE (Line Drive, 4M)
Denny Allen to second
Batting: SHB Giel Molendijk 0-0: Swinging Strike
0-1: Foul Ball, location: 2F
0-2: Ball
1-2: Strikes out swinging
Batting: LHB Josh Pérez 0-0: Called Strike
0-1: Foul Ball, location: 2F
0-2: Foul Ball, location: 2F
0-2: Ball
1-2: Foul Ball, location: 2F
1-2: Ball
2-2: SINGLE (Line Drive, 34D)
Denny Allen to third
Thomas Dixon to second
Runner from 3rd tries for Home, SAFE, no throw
Batting: RHB Steve Clifton 0-0: Ball
1-0: SINGLE (Line Drive, 9LM)
Thomas Dixon to third
Josh Pérez to second
Batting: RHB Luis Fuentes 0-0: Foul Ball, location: 2F
0-1: Grounds into double play, 5-4-3 (Groundball, 5)
Top of the 9th over - 1 run(s), 4 hit(s), 0 error(s), 2 left on base; Butler 4 - Penquannock 22
Thursday, March 30th, 2017 - OOTP Baseball 17.12 Build 75